AoeStats
← marianozaburlin

Arena

511367106Analyzed
4v4 RM · 13d ago on Oct 4, 2026· 48m 31s· 8 players
Game mode
Random Map
Map size
Large (8 player)
Population
200
Speed
Normal
Resources
Standard
Victory
Conquest
Starting age
Dark Age
Ending age
Imperial Age
RankedLock teamsTeams togetherTeam positionsShared explorationLock speedFull tech treeHidden civsTurbo modeCheats
Victory
Defeat
🇬🇧 Cumans · United Kingdom
1150
+15
🇦🇷 Burmese · Argentina
1114
+17
🇦🇷 Ethiopians · Argentina
1097
+18
🇦🇷 Spanish · Argentina
1077
+19
vs
🇨🇿 Slavs · Czechia
1162
-18
🇫🇷 Khmer · France
1129
-17
🇩🇪 Magyars · Germany
1126
-17
🇲🇽 Byzantines · Mexico
1125
-17
garoumarcos
2:41 Loom
11:15 Feudal Age
15:28 Castle Age
13:28 Double-Bit Axe
13:40 Horse Collar
16:26 Wheelbarrow
16:18 Bow Saw
16:13 Heavy Plow
22:27 Stone Mining
23:27 Gold Mining
24:43 Stone Shaft Mining
26:22 Hand Cart
30:47 Imperial Age
30:25 Husbandry
30:34 Scale Barding Armor
30:39 Forging
32:02 Gold Shaft Mining
31:58 Conscription
32:15 Hoardings
31:04 Heavy Camel Rider
31:09 Light Cavalry
32:55 Two-Man Saw
33:22 Chain Barding Armor
35:26 Plate Barding Armor
36:07 Iron Casting
37:47 Fletching
38:15 Elite Cataphract
40:25 Logistica
40:47 Guilds
42:46 Cavalier
Petersplaff
10:32 Feudal Age
13:44 Castle Age
24:19 Loom
38:41 Wheelbarrow
42:34 Hand Cart
_:::'!:_rell_:!':::_
9:15 Loom
11:34 Feudal Age
12:38 Double-Bit Axe
16:55 Castle Age
16:34 Forging
17:45 Horse Collar
26:02 Loom
28:56 Heavy Plow
30:14 Wheelbarrow
30:03 Bow Saw
31:47 Hand Cart
34:33 Imperial Age
32:23 Scale Barding Armor
33:37 Masonry
35:05 Chain Barding Armor
35:22 Iron Casting
34:50 Husbandry
35:42 Onager
37:21 Bloodlines
38:05 Cavalier
42:51 Plate Barding Armor
42:13 Gold Mining
44:38 Blast Furnace
43:01 Light Cavalry
47:24 Two-Man Saw
46:57 Crop Rotation
46:51 Siege Onager
szedler
10:59 Feudal Age
15:03 Castle Age
14:32 Double-Bit Axe
15:13 Scale Barding Armor
16:17 Loom
21:27 Bow Saw
22:47 Horse Collar
25:13 Wheelbarrow
25:18 Heavy Plow
27:03 Husbandry
28:46 Chain Barding Armor
29:34 Hand Cart
29:45 Bloodlines
30:36 Gold Mining
33:45 Gold Shaft Mining
38:25 Imperial Age
35:32 Light Cavalry
38:16 Hussar
39:58 Plate Barding Armor
marianozaburlin
12:04 Feudal Age
13:18 Loom
15:21 Double-Bit Axe
16:40 Horse Collar
20:59 Scale Barding Armor
24:18 Castle Age
25:20 Husbandry
beeerdman
7:33 Loom
11:45 Feudal Age
17:32 Castle Age
17:31 Wheelbarrow
19:16 Gold Mining
20:07 Horse Collar
24:44 Padded Archer Armor
27:06 Hand Cart
30:54 Imperial Age
28:38 Heavy Plow
29:27 Fletching
30:33 Gold Shaft Mining
31:40 Ballistics
33:21 Bloodlines
33:12 Husbandry
35:38 Chemistry
40:50 Conscription
44:00 Forging
43:49 Bodkin Arrow
44:08 Stone Mining
45:18 Elite Arambai
JPR2405
6:32 Loom
9:21 Feudal Age
10:01 Double-Bit Axe
11:42 Horse Collar
12:31 Fletching
18:40 Horse Collar
22:15 Castle Age
20:37 Gold Mining
22:20 Crossbowman
22:56 Bodkin Arrow
23:20 Bow Saw
24:33 Town Watch
28:39 Wheelbarrow
29:43 Ballistics
33:13 Wheelbarrow
32:48 Town Patrol
33:26 Gold Shaft Mining
32:41 Stone Mining
33:28 Padded Archer Armor
35:13 Leather Archer Armor
40:28 Imperial Age
38:05 Thumb Ring
40:43 Hand Cart
40:32 Heavy Plow
40:27 Stone Mining
41:11 Bracer
40:33 Arbalester
42:15 Chemistry
43:42 Ring Archer Armor
sebaperovuelve
4:58 Loom
9:14 Feudal Age
10:41 Double-Bit Axe
23:18 Castle Age
22:41 Horse Collar
24:46 Wheelbarrow
24:23 Bow Saw
23:54 Capped Ram
26:30 Heavy Plow
32:31 Imperial Age
31:51 Scale Barding Armor
31:56 Forging
32:13 Pikeman
33:11 Scale Mail Armor
33:37 Conscription
33:23 Squires
34:31 Chain Mail Armor
34:52 Iron Casting
35:19 Halberdier
40:51 Plate Mail Armor
41:21 Blast Furnace
41:37 Hand Cart
41:07 Town Watch
41:54 Elite Steppe Lancer
42:45 Bloodlines
42:58 Chain Barding Armor
42:56 Light Cavalry
42:56 Cavalier
46:59 Plate Barding Armor
45:46 Hussar
46:25 Cavalier
47:06 Siege Ram
48:20 Steppe Husbandry
48:07 Paladin
Connection lost

Rejoining the realm…

Still unreachable

The connection could not be restored.

Session expired

The server has moved on; the page needs a fresh start.